 Dungeon Crawl Stone Soup version 0.23-a0-143-g1adec7b (webtiles) character file.

86 Inarius the Shield-Bearer (level 4, -5/31 HPs)
             Began as a Halfling Fighter on Sept 3, 2018.
             Killed from afar by Ijyb (18 damage)
             ... with a wand of acid (5)
             ... on level 3 of the Dungeon.
             The game lasted 00:02:40 (1764 turns).

Inarius the Shield-Bearer (Halfling Fighter)        Turns: 1764, Time: 00:02:41

Health: -5/31      AC: 10    Str: 18    XL:     4   Next: 78%
Magic:  4/4        EV:  9    Int:  6    God:
Gold:   64         SH: 11    Dex: 13    Spells: 3/3 levels left

rFire    + . .     SeeInvis .   p - +1 dagger (venom)
rCold    x . .     Gourm    .   h - +2 shield
rNeg     . . .     Faith    .   b - +0 scale mail
rPois    .         Spirit   .   (no helmet)
rElec    .         Reflect  .   i - +2 cloak
rCorr    .         Harm     .   (no gloves)
MR       .....                  (no boots)
Stlth    ..........             (no amulet)
HPRegen  0.10/turn              o - ring of fire
MPRegen  0.09/turn              (no ring)

@: no status effects
A: small, mutation resistance 1
a: no special abilities


You were on level 3 of the Dungeon.
You were not hungry.

You visited 1 branch of the dungeon, and saw 3 of its levels.

You collected 64 gold pieces.

Inventory:

Hand Weapons
 p - a +1 dagger of venom (weapon)
Armour
 b - a +0 scale mail (worn)
 h - a +2 shield (worn)
 i - a +2 cloak (worn)
Jewellery
 o - a ring of fire (left hand)
Scrolls
 j - a scroll of random uselessness {unknown}
 k - a scroll of fog {unknown}
 l - 3 scrolls of identify {unknown}
 n - a scroll of remove curse {unknown}
Potions
 c - a potion of magic {unknown}
 d - a potion of might
 e - a potion of lignification {unknown}
 m - 2 potions of agility {unknown}
Comestibles
 a - 4 chunks of flesh
 f - 2 rations


   Skills:
 * Level 3.5 Fighting
 + Level 3.2 Short Blades
 + Level 3.6 Armour
 + Level 0.2 Dodging
 * Level 1.6 Stealth
 + Level 3.6 Shields


You had 3 spell levels left.
You didn't know any spells.
Your spell library was empty.

Dungeon Overview and Level Annotations

Branches:
Dungeon (3/15)

Altars:
Ru

Annotations:
D:3 Ijyb


Innate Abilities, Weirdness & Mutations

You are small and have problems with some larger weapons.
You are somewhat resistant to further mutation.


Message History

Ijyb is lightly wounded.
You block Ijyb's attack.
You barely miss Ijyb.
Ijyb is lightly wounded.
Ijyb barely misses you.
You barely miss Ijyb.
Ijyb is lightly wounded.
Ijyb screams, "Me stronger than you!"
Ijyb zaps a wand.
The bolt of acid hits you!
You are splashed with acid!
The acid burns!
It is a wand of acid (5).
You completely miss Ijyb.
Ijyb is lightly wounded.
Ijyb hits you with a club.
You hit Ijyb but do no damage.
Ijyb is poisoned.
Ijyb is lightly wounded.
You hit Ijyb.
Ijyb is moderately wounded.
Ijyb zaps a wand.
The bolt of acid hits you!
Ouch! That really hurt!
You die...

## ####.
##.$.
#...#
#...#
#...####
#g.....#
#@..#
#.<.#
#....##
#....#
#.....
#......
#......
#....###
#....#


You could see Ijyb.

Vanquished Creatures
  3 adders (D:2)
  2 oozes (D:1)
  A dart slug (D:1)
  A leopard gecko (D:1)
  7 bats
  A giant cockroach (D:1)
  7 goblins
  6 hobgoblins
  4 jackals
  A quokka (D:2)
  3 frilled lizards
  7 kobolds
  3 rats
46 creatures vanquished.

Notes
Turn   | Place    | Note
-------+----------+-------------------------------------------
     0 | D:1      | Inarius the Halfling Fighter began the quest for the Orb.
     0 | D:1      | Reached XP level 1. HP: 15/15 MP: 1/1
    42 | D:1      | Reached XP level 2. HP: 19/21 MP: 2/2
   255 | D:1      | Reached XP level 3. HP: 17/26 MP: 3/3
   655 | D:1      | Reached skill level 1 in Stealth
   967 | D:2      | Found a sacrificial altar of Ru.
  1048 | D:2      | Reached XP level 4. HP: 31/31 MP: 4/4
  1754 | D:3      | Noticed Ijyb
  1764 | D:3      | Killed from afar by Ijyb

Vault maps used:
D:1:      minmay_arrival_stone_box
D:2:      nicolae_ru_sacrificial_ziggurat
D:3:      overflow_temple_1_default, portal_sewer_entry_a, first_ration,
          kennysheep_small_spiral, uniq_ijyb

Skill      XL: |  1  2  3 |
---------------+----------+-----
Fighting       | 3 |  3.5
Stealth        | 1 |  1.6
Short Blades   | 3 |  3.2
Armour         | |  3.6
Dodging        | |  0.2
Shields        | |  3.6

Action                   |  1- 3 |  4- 6 || total
-------------------------+-------+-------++-------
Melee: Rapier            |   112 |    40 ||   152
       Dagger            |       |    33 ||    33
  Eat: Chunk             |     1 |     2 ||     3
Armor: Scale mail        |    43 |    17 ||    60
Dodge: Dodged            |    32 |    25 ||    57
Block: Shield            |    58 |    42 ||   100

Table legend:
 A = Non-vault XP
 B = Vault XP
 C = Vault XP percentage of total XP
 D = Non-vault monster count
 E = Vault monster count
 F = Vault count percentage of total count
                 A         B        C        D         E       F
            +---------+---------+-------+---------+---------+-------
      Total |     124 |       0 |   0.0 |      46 |       0 |   0.0
            +---------+---------+-------+---------+---------+-------
        D:1 |      55 |       0 |   0.0 |      26 |       0 |   0.0
        D:2 |      69 |       0 |   0.0 |      20 |       0 |   0.0
            +---------+---------+-------+---------+---------+-------
